 Dungeon Crawl Stone Soup version 0.28.0-53-g5a82cb258f (webtiles) character file.

Game seed: 4302978120427954225

193682 Peloso the Hoplite (level 18, 0/171 HPs)
             Began as a Minotaur Fighter on July 6, 2022.
             Was the Champion of Okawaru.
             Killed from afar by a deep elf annihilator (47 damage)
             ... with a crystal spear
             ... on level 3 of the Elven Halls.
             The game lasted 01:49:41 (40016 turns).

Peloso the Hoplite (Minotaur Fighter)              Turns: 40016, Time: 01:49:41

Health: 0/171      AC: 36    Str: 32    XL:     18   Next: 7%
Magic:  18/18      EV: 13    Int:  8    God:    Okawaru [******]
Gold:   819        SH: 22    Dex: 17    Spells: 17/17 levels left

rFire   + . .      SeeInvis +   a - +6 scimitar of Abstinence {vorpal, +Blink rN+ Int+3 SInv}
rCold   + . .      Faith    .   c - +0 kite shield {rF+}
rNeg    + + .      Spirit   .   f - +13 pearl dragon scales of Diapli {rPois rN+ Stlth+}
rPois   +          Reflect  +   D - +1 hat of the Untouchables {rPois}
rElec   .          Harm     .   I - +1 cloak "Hauffos" {Str+7}
rCorr   +          Rampage  .   Z - +0 pair of gloves {Dex+3}
Will    +++..                   (no boots)
Stlth   ++........              T - amulet of reflection
HPRegen 0.38/turn               Y - ring of Olaant {rC+ rCorr}
MPRegen 0.16/turn               F - ring of willpower

@: studying 3 skills
A: horns 2, retaliatory headbutt, low MP 1, strong-willed 1, wild magic 1
a: Renounce Religion, Evoke Blink, Heroism, Finesse, Duel


You were on level 3 of the Elven Halls.
You worshipped Okawaru.
Okawaru was exalted by your worship.
You visited 7 branches of the dungeon, and saw 30 of its levels.
You visited the Abyss 1 time.
You visited 1 bazaar.
You also visited: Bailey, Ice Cave and Volcano.

You collected 3855 gold pieces.
You spent 3036 gold pieces at shops.

Inventory:

Hand Weapons
 a - the +6 scimitar of Abstinence (weapon) {vorpal, +Blink rN+ Int+3 SInv}
   (Okawaru gifted it to you on level 13 of the Dungeon)

   It inflicts extra damage upon your enemies.
   Int:       It affects your intelligence (+3).
   rN:        It protects you from negative energy.
   SInv:      It lets you see invisible.
   +Blink:    It lets you blink.
 b - a +2 demon blade of flaming
Armour
 c - a +0 kite shield of fire resistance (worn)
 f - the +13 pearl dragon scales of Diapli (worn) {rPois rN+ Stlth+}
   (You bought it in a shop on level 2 of the Orcish Mines)

   rPois:     It protects you from poison.
   rN:        It protects you from negative energy.
   Stlth:     It makes you more stealthy.
 D - the +1 hat of the Untouchables (worn) {rPois}
   (Okawaru gifted it to you on level 1 of the Lair of Beasts)

   rPois:     It protects you from poison.
 I - the +1 cloak "Hauffos" (worn) {Str+7}
   (Okawaru gifted it to you on level 10 of the Dungeon)

   Str:       It affects your strength (+7).
 R - the +1 hat of Indecent Exposure {Fly rF+ Int-3}
   (Okawaru gifted it to you on level 4 of the Lair of Beasts)

   Int:       It affects your intelligence (-3).
   rF:        It protects you from fire.
   Fly:       It grants you flight.
 Z - a +0 pair of gloves of dexterity (worn)
Jewellery
 d - a ring of ice
 i - a +4 ring of evasion
 o - an amulet of regeneration
 x - a ring of see invisible
 F - a ring of willpower (right hand)
 T - an amulet of reflection (around neck)
 V - the ring of the Tortoise {AC+8}
   (You found it on level 1 of the Orcish Mines)

   [ring of protection]

   AC:        It affects your AC (+8).
 Y - the ring of Olaant (left hand) {rC+ rCorr}
   (You found it on level 6 of the Lair of Beasts)

   [ring of protection from cold]

   rC:        It protects you from cold.
   rCorr:     It protects you from acid and corrosion.
Scrolls
 e - 15 scrolls of teleportation
 g - 2 scrolls of enchant weapon
 h - 2 scrolls of magic mapping
 t - 4 scrolls of immolation
 A - 5 scrolls of noise
 K - 2 scrolls of acquirement
 U - 13 scrolls of identify
 X - 4 scrolls of fear
Potions
 j - 10 potions of invisibility
 l - 12 potions of curing
 z - a potion of resistance
 H - 3 potions of flight
 N - 4 potions of haste
 P - a potion of might


   Skills:
 + Level 17.8 Fighting
 + Level 18.4 Long Blades
 + Level 2.5 Maces & Flails
 + Level 17.8 Armour
 + Level 6.0 Dodging
 + Level 4.7 Stealth
 + Level 22.5 Shields
 + Level 5.3 Invocations
 + Level 2.4 Evocations


You had 17 spell levels left.
You didn't know any spells.
Your spell library contained the following spells:

 Spells                   Type           Power      Damage    Failure   Level
 Foxfire                  Conj/Fire      0%         2x1d4     75%         1
 Pain                     Necr           0%         1d4       75%         1
 Blink                    Tloc           0%         N/A       86%         2
 Static Discharge         Conj/Air       0%         N/A       86%         2
 Sublimation of Blood     Necr           0%         N/A       86%         2
 Conjure Flame            Conj/Fire      0%         6-21      97%         3
 Inner Flame              Hex/Fire       0%         N/A       97%         3
 Lesser Beckoning         Tloc           0%         N/A       97%         3
 Portal Projectile        Hex/Tloc       0%         N/A       97%         3
 Dispel Undead            Necr           0%         3d6       100%        4
 Flame Wave               Conj/Fire      0%         2d4       100%        4
 Fulminant Prism          Conj/Hex       0%         3d6       100%        4
 Iskenderun's Mystic Bla  Conj/Tloc      0%         2d3       100%        4
 Leda's Liquefaction      Hex/Erth       0%         N/A       100%        4
 Petrify                  Tmut/Erth      0%         N/A       100%        4
 Sticky Flame             Conj/Fire      0%         2d3       100%        4
 Blade Hands              Tmut           0%         N/A       100%        5
 Fireball                 Conj/Fire      0%         3d3       100%        5
 Freezing Cloud           Conj/Ice/Air   0%         6-21      100%        5
 Irradiate                Conj/Tmut      0%         3d13      100%        5
 Iskenderun's Battlesphe  Conj           0%         2d6       100%        5
 Lee's Rapid Deconstruct  Erth           0%         3d5*      100%        5
 Lightning Bolt           Conj/Air       0%         1d11      100%        5
 Manifold Assault         Tloc           0%         N/A       100%        5
 Metabolic Englaciation   Hex/Ice        0%         N/A       100%        5
 Conjure Ball Lightning   Conj/Air       0%         3x3d6     100%        6
 Eringya's Noxious Bog    Tmut/Pois      0%         N/A       100%        6
 Iron Shot                Conj/Erth      0%         9d1       100%        6
 Statue Form              Tmut/Erth      0%         N/A       100%        6
 Orb of Destruction       Conj           0%         9d5       100%        7
 Maxwell's Capacitive Co  Air            0%         ∞         100%        8
 Polar Vortex             Ice            0%         N/A       100%        9
 Call Canine Familiar     Summ           Unusable   N/A       N/A         3
 Animate Armour           Summ/Erth      Unusable   N/A       N/A         4
 Summon Forest            Summ/Tloc      Unusable   N/A       N/A         5
 Simulacrum               Ice/Necr       Unusable   N/A       N/A         6
 Summon Hydra             Summ           Unusable   N/A       N/A         7

Dungeon Overview and Level Annotations

Branches:
Dungeon (15/15)            Temple (1/1) D:5            Lair (6/6) D:8
 Shoals (2/4) Lair:4        Snake (1/4) Lair:3        Slime (0/5) Lair:5
    Orc (2/2) D:9             Elf (3/3) Orc:2        Vaults (0/5) D:13
 Depths (0/4) D:15         Bailey (visited)           IceCv (visited)
Volcano (visited)

Altars:
Cheibriados
Dithmenos
Elyvilon
Fedhas
Gozag
Hepliaklqana
Kikubaaqudgha
Makhleb
Nemelex Xobeh
Okawaru
Sif Muna
Trog
Vehumet
Wu Jian
Xom
Yredelemnul
Beogh
Jiyva

Shops:
D:12 [(   Orc:2 (:[[   Elf:2 *   Shoals:1 ?

Annotations:
Lair:6 Casa
Elf:2 3 runed translucent doors


Innate Abilities, Weirdness & Mutations

You have a pair of horns on your head.
You reflexively headbutt those who attack you in melee.
Your magical capacity is low. (-10% MP)
You are strong-willed. (Will+)
Your spells are a little harder to cast, but a little more powerful.


Message History

There is an open door, spattered with blood here.
You see here a +0 long sword.
There is an open door here.
There is an open door, spattered with blood here.
You see here a +0 rapier.
There is an open door here.
Items here: ( ))) [[.
There is an open door, spattered with blood here.
You see here a +0 long sword.
The deep elf annihilator shouts!
The deep elf annihilator casts a spell.
The deep elf annihilator blinks!
The deep elf annihilator closely misses you.
The deep elf annihilator gestures wildly while chanting.
The deep elf annihilator blinks!
Unknown command.
The deep elf annihilator casts a spell at you.
The bolt of lightning hits you!!
The deep elf annihilator gestures wildly while chanting.
The deep elf annihilator blinks!
The deep elf annihilator casts a spell at you.
The bolt of lightning hits you!!
The deep elf annihilator gestures wildly while chanting.
The deep elf annihilator blinks!
The deep elf annihilator casts a spell at you.
The bolt of lightning hits you!
You slash the deep elf annihilator!
The deep elf annihilator is moderately wounded.
The deep elf annihilator mumbles some strange words.
The deep elf annihilator blinks!
The deep elf annihilator casts a spell.
The deep elf annihilator blinks!
The deep elf annihilator points at you and mumbles some strange words.
The bolt of lightning hits you!!
The deep elf annihilator casts a spell at you.
The bolt of lightning hits you!!!
* * * LOW HITPOINT WARNING * * *
The deep elf annihilator casts a spell at you.
The crystal spear hits you!!!
You die...

##.## ###'####'.....)## # ##.##
#.# ##....<## # ##### ##.## #.#
#.......# ## ###...### ##.###'##
#.......###. #.......#
##'#...###.....).##<. #.......#
##.....###...).##...
#.......#####.......##.....#....
#.....[.'.).'.......#####'##...[
#.....([###.#..@....# #.##....
###..)#)##.#.#....e## #.###...
######..#.###...#'#####'####..
##...#.#######.##.....###.
##.#....# ##)#).[..####
#######.#.#.'.### ##[......#
..........'.....# #.)..)..#
######).#.......# #.......#
#..[[)).)...# ##.....##


You could see a deep elf annihilator.

Vanquished Creatures
  Asterion (Lair:3)
  A deep elf blademaster (Elf:2)
  Frances (Shoals:1)
  A tentacled starspawn (Abyss:3)
  Gastronok (D:9)
  Agnes (Snake:1)
  2 deep elf sorcerers (Elf:3)
  A daeva (Abyss:4)
  A frost giant (IceCv)
  2 orc warlords (Orc:1)
  Louise (D:15)
  A deep elf elementalist (Elf:3)
  4 deep elf demonologists
  2 lorocyprocas (Abyss:4)
  A dire elephant (Lair:6)
  6 deep elf annihilators (Elf:3)
  The ghost of Ocewn the Eclecticist, a journeyman SpEE of the Shining One (Lair:4)
  A minotaur (D:12)
  5 deep elf death magi
  The ghost of qipq the Nimble, a journeyman DjEE of Ru (D:12)
  2 fire dragons
  A merfolk impaler (Shoals:1)
  A merfolk javelineer (Shoals:1)
  The ghost of Lemuel the Cleaver, a journeyman MiFi of Makhleb (Orc:1)
  3 deep elf high priests (Elf:3)
  A great orb of eyes (Abyss:3)
  The ghost of Tyszek the Impaler, a journeyman MiFi of the Shining One (Lair:1)
  13 hydras
  A vault guard (D:13)
  A rakshasa (Abyss:4)
  Harold (D:8)
  An ogre mage (D:15)
  2 catoblepae
  3 naga warriors
  An alligator snapping turtle (Shoals:2)
  2 merfolk avatars
  6 boulder beetles
  17 two-headed ogres
  A merfolk aquamancer (Shoals:2)
  5 centaur warriors
  The ghost of Tyszek the Unseen, a journeyman SpEn of Gozag (Orc:1)
  An anaconda (Snake:1)
  9 death yaks
  3 tengu warriors
  8 dancing weapons
  7 orc high priests
  A thrashing horror (Abyss:4)
  2 shock serpents (Lair:3)
  7 deep elf knights
  A wretched star (Abyss:3)
  A titan skeleton (Abyss:2)
  A spatial maelstrom (Abyss:2)
  5 sea snakes (Shoals:2)
  A swamp dragon (Lair:6)
  4 deep elf archers
  Pikel (D:8)
  A naga ritualist (Snake:1)
  3 lindwurms
  24 deep elf pyromancers
  9 harpies (Shoals:2)
  3 mana vipers
  2 necromancers
  4 large abominations
  12 orc knights
  23 deep elf zephyrmancers
  3 oklob plants (Lair:5)
  10 manticores
  8 orc sorcerers
  12 ugly things
  A worldbinder (Abyss:3)
  6 fauns
  6 salamanders
  7 cyclopes
  11 elephants
  6 merfolk sirens
  A guardian serpent (Abyss:3)
  Joseph (D:8)
  2 water nymphs (Shoals:1)
  14 black mambas
  An ice statue (IceCv)
  A centaur skeleton (D:15)
  2 gargoyles
  2 naga magi
  7 cane toads
  2 efreet
  13 rime drakes
  23 komodo dragons
  An unseen horror (D:12)
  3 tengu conjurers
  3 kobold demonologists
  2 ancient zymes
  A troll (shapeshifter) (Abyss:2)
  7 polar bears
  3 wind drakes (Shoals:2)
  3 meliai (D:14)
  2 hornets (Lair:6)
  7 merfolk
  4 blink frogs (Lair:4)
  12 slime creatures
  7 raiju (Abyss:4)
  5 trolls
  13 dream sheep
  4 snapping turtles
  2 air elementals (Elf:3)
  2 centaur simulacra (D:15)
  4 water elementals
  2 vampires
  A shadow (D:10)
  5 fire elementals
  11 wyverns
  5 basilisks
  2 wraiths
  Grum (D:8)
  2 ynoxinuls
  13 fire bats
  A chaos spawn (Abyss:3)
  43 yaks
  A redback (D:13)
  14 vampire mosquitoes
  2 neqoxecs (Abyss:3)
  7 steam dragons
  2 wargs
  2 acid dragons
  5 nagas (Snake:1)
  A hydra simulacrum (Lair:4)
  8 water moccasins
  46 orc warriors
  A black bear (Lair:5)
  An ice beast (D:7)
  A sky beast (D:6)
  2 necrophages
  3 black mamba simulacra (Lair:4)
  18 wolves
  9 ogres
  11 centaurs
  10 bullfrogs
  4 kobold brigands
  A gnoll sergeant (D:11)
  5 earth elementals
  A scorpion (D:6)
  2 wyvern zombies
  A water moccasin skeleton (D:4)
  6 small abominations
  A blink frog simulacrum (Lair:4)
  3 howler monkeys
  8 wights (D:9)
  4 electric eels
  A crimson imp (D:10)
  A torpor snail simulacrum (Lair:4)
  2 centaur zombies
  A komodo dragon simulacrum (Lair:4)
  An iron imp (Abyss:4)
  A hound (D:6)
  2 jellies (D:5)
  17 orc priests
  7 iguanas
  2 yak simulacra (Lair:3)
  11 orc wizards
  5 polar bear simulacra (Lair:3)
  A killer bee zombie (D:6)
  3 wolf simulacra (Lair:3)
  A howler monkey zombie (D:9)
  15 gnolls
  3 adders
  A shadow imp (D:8)
  2 white imps
  An ufetubus (D:6)
  2 worms
  99 orcs
  8 bats
  An endoplasm (D:2)
  An endoplasm (shapeshifter) (Elf:3)
  A giant cockroach (D:1)
  10 goblins
  2 hobgoblins
  4 jackals (D:4)
  7 quokkas
  9 ball pythons
  5 frilled lizards
  22 kobolds
  5 rats
  A river rat simulacrum (Lair:3)
  A bush (D:10)
  2 starspawn tentacles
981 creatures vanquished.

Vanquished Creatures (others)
  A deep elf knight (Elf:1)
  2 deep elf pyromancers
  A manticore (Shoals:2)
  An air elemental (Elf:3)
  A water elemental (Elf:3)
  An orc priest (Orc:2)
  19 fungi
  92 plants
  7 starspawn tentacles
125 creatures vanquished.

Grand Total: 1106 creatures vanquished

Notes
Turn   | Place    | Note
-------+----------+-------------------------------------------
     0 | D:1      | Peloso the Minotaur Fighter began the quest for the Orb.
     0 | D:1      | Reached XP level 1. HP: 19/19 MP: 0/0
   113 | D:1      | Found a faded altar of an unknown god.
   185 | D:1      | Reached XP level 2. HP: 25/27 MP: 1/1
   646 | D:2      | Reached skill level 4 in Shields
   646 | D:2      | Reached XP level 3. HP: 28/33 MP: 2/2
   667 | D:2      | Reached XP level 4. HP: 13/40 MP: 3/3
  1504 | D:3      | You fall into a shaft and drop 1 floor!
  1514 | D:4      | Found an opulent altar of Gozag.
  1548 | D:4      | Reached XP level 5. HP: 45/47 MP: 4/4
  2164 | D:3      | Found a shimmering blue altar of Sif Muna.
  2164 | D:3      | Found an ancient bone altar of Kikubaaqudgha.
  2166 | D:3      | Found a radiant altar of Vehumet.
  2169 | D:3      | Got Kikubaaqudgha's Guide on Darkness
  2524 | D:5      | Entered Level 5 of the Dungeon
  2587 | D:5      | Reached skill level 5 in Long Blades
  2593 | D:5      | Reached skill level 5 in Armour
  2593 | D:5      | Reached XP level 6. HP: 55/55 MP: 5/5
  2805 | D:5      | Found a staircase to the Ecumenical Temple.
  2851 | Temple   | Entered the Ecumenical Temple
  2855 | Temple   | Became a worshipper of Warmaster Okawaru
  3076 | D:5      | Reached skill level 5 in Fighting
  3365 | D:6      | Reached skill level 5 in Shields
  3372 | D:6      | Reached XP level 7. HP: 61/61 MP: 6/6
  3421 | D:6      | Reached * piety under Okawaru
  3507 | D:6      | Found an ornate altar of the Wu Jian Council.
  3508 | D:6      | Found a white marble altar of Elyvilon.
  3508 | D:6      | Found a shadowy altar of Dithmenos.
  3510 | D:6      | Found a hazy altar of Hepliaklqana.
  3512 | D:6      | Found a sparkling altar of Nemelex Xobeh.
  3512 | D:6      | Found a basalt altar of Yredelemnul.
  3513 | D:6      | Found a bloodstained altar of Trog.
  3867 | D:7      | Reached skill level 6 in Shields
  3867 | D:7      | Reached XP level 8. HP: 70/70 MP: 7/7
  3989 | D:7      | Reached ** piety under Okawaru
  4103 | D:7      | Identified the ring of Penkiar {Int+7 Dex+6}
  4219 | D:8      | Noticed Pikel
  4222 | D:8      | Noticed Grum
  4271 | D:8      | Killed Pikel
  4274 | D:8      | Reached *** piety under Okawaru
  4275 | D:8      | Reached XP level 9. HP: 20/78 MP: 8/8
  4278 | D:8      | Killed Grum
  4344 | D:8      | Reached skill level 7 in Shields
  4347 | D:8      | Found a flagged portal.
  4354 | Bailey   | Entered a bailey
  4434 | Bailey   | Noticed an orc knight
  4507 | Bailey   | Noticed an orc knight
  4507 | Bailey   | Noticed an orc knight
  4663 | Bailey   | Killed an orc knight
  4664 | Bailey   | Reached skill level 10 in Long Blades
  4684 | Bailey   | Killed an orc knight
  4685 | Bailey   | Reached skill level 1 in Invocations
  5121 | Bailey   | Killed an orc knight
  5122 | Bailey   | Reached skill level 1 in Stealth
  5156 | D:8      | Noticed a two-headed ogre
  5184 | D:8      | Killed a two-headed ogre
  5184 | D:8      | Reached **** piety under Okawaru
  5185 | D:8      | Reached skill level 8 in Shields
  5185 | D:8      | Reached XP level 10. HP: 53/88 MP: 7/10
  5311 | D:8      | Noticed Joseph
  5332 | D:8      | Killed Joseph
  5373 | D:8      | Found a staircase to the Lair.
  5410 | D:8      | Noticed a two-headed ogre
  5421 | D:8      | Killed a two-headed ogre
  5422 | D:8      | Reached skill level 10 in Armour
  5526 | D:8      | Noticed Harold
  5543 | D:8      | Killed Harold
  5543 | D:8      | Reached ***** piety under Okawaru
  5544 | D:8      | Reached skill level 1 in Evocations
  5811 | D:9      | Noticed Gastronok
  5842 | D:9      | Noticed a two-headed ogre
  5865 | D:9      | Killed a two-headed ogre
  5866 | D:9      | Reached skill level 9 in Shields
  6107 | D:10     | Entered Level 10 of the Dungeon
  6113 | D:10     | Identified the +1 cloak "Hauffos" {Str+7} (Okawaru gifted
                  | it to you on level 10 of the Dungeon)
  6113 | D:10     | Received a gift from Okawaru
  6128 | D:10     | Reached XP level 11. HP: 94/95 MP: 8/12
  6490 | D:10     | Found a burning altar of Makhleb.
  6491 | D:10     | Found a shimmering altar of Xom.
  6743 | D:10     | Noticed a two-headed ogre
  6762 | D:10     | Killed a two-headed ogre
  6864 | D:10     | Reached skill level 10 in Shields
  7321 | D:9      | Killed Gastronok
  7455 | D:9      | Found a staircase to the Orcish Mines.
  7893 | Lair:1   | Entered Level 1 of the Lair of Beasts
  7896 | Lair:1   | Noticed a six-headed hydra
  7910 | Lair:1   | Killed a six-headed hydra
  8159 | Lair:1   | Identified the +1 hat of the Untouchables {rPois} (Okawaru
                  | gifted it to you on level 1 of the Lair of Beasts)
  8159 | Lair:1   | Received a gift from Okawaru
  8684 | Lair:1   | Reached skill level 10 in Fighting
  8684 | Lair:1   | Found a runed translucent door.
  8684 | Lair:1   | Noticed Tyszek's ghost (journeyman MiFi)
  8971 | Lair:2   | Reached XP level 12. HP: 70/106 MP: 13/13
  9158 | Lair:2   | Reached skill level 11 in Shields
  9194 | Lair:2   | Noticed a six-headed hydra
  9211 | Lair:2   | Killed a six-headed hydra
  9836 | Lair:3   | Noticed a four-headed hydra
  9864 | Lair:3   | Killed a four-headed hydra
  9881 | Lair:3   | Reached skill level 1 in Maces & Flails
  9881 | Lair:3   | Reached skill level 12 in Shields
 10179 | Lair:3   | Found a staircase to the Snake Pit.
 10183 | Lair:3   | Noticed a catoblepas
 10199 | Lair:3   | Killed a catoblepas
 10905 | Lair:4   | Noticed an eight-headed hydra
 10920 | Lair:4   | Killed an eight-headed hydra
 11089 | Lair:4   | Reached skill level 13 in Shields
 11148 | Lair:4   | Noticed a boulder beetle
 11165 | Lair:4   | Found a staircase to the Shoals.
 11178 | Lair:4   | Killed a boulder beetle
 11178 | Lair:4   | Identified the +1 hat of Indecent Exposure {Fly rF+ Int-3}
                  | (Okawaru gifted it to you on level 4 of the Lair of Beasts)
 11178 | Lair:4   | Received a gift from Okawaru
 11278 | Lair:4   | Noticed a boulder beetle
 11297 | Lair:4   | Killed a boulder beetle
 11298 | Lair:4   | Reached XP level 13. HP: 116/116 MP: 13/15
 11355 | Lair:4   | Noticed Ocewn's ghost (journeyman SpEE)
 11421 | Lair:4   | Found a runed translucent gate.
 11421 | Lair:4   | Found a runed translucent gate.
 11421 | Lair:4   | Found a runed translucent gate.
 12462 | D:12     | Found a runed translucent gate.
 12462 | D:12     | Found a runed translucent gate.
 12462 | D:12     | Found a runed translucent gate.
 12469 | D:12     | Noticed qipq's ghost (journeyman DjEE)
 12523 | D:12     | Found a flickering gateway to a bazaar.
 12529 | Bazaar   | Entered a bazaar
 12529 | Bazaar   | Found Vuc Nahietu's Assorted Antiques.
 12529 | Bazaar   | Found Yttao's Magic Scroll Shoppe.
 12529 | Bazaar   | Found Beaxuer's General Store.
 12531 | Bazaar   | Found Suylit's Jewellery Emporium.
 12542 | Bazaar   | Bought a scroll of magic mapping for 31 gold pieces
 12542 | Bazaar   | Bought a scroll of blinking for 67 gold pieces
 12542 | Bazaar   | Bought a scroll of identify for 18 gold pieces
 12542 | Bazaar   | Bought a scroll of identify for 18 gold pieces
 12544 | Bazaar   | Identified a scroll of acquirement
 12781 | D:12     | Found Tixtefolopp's Armour Boutique.
 12796 | D:12     | Noticed a minotaur
 13126 | D:12     | Reached skill level 14 in Shields
 13388 | D:12     | Found Tom Kaj's Weapon Emporium.
 13539 | Orc:1    | Entered Level 1 of the Orcish Mines
 13556 | Orc:1    | Reached skill level 15 in Long Blades
 13666 | Orc:2    | Entered Level 2 of the Orcish Mines
 13766 | Orc:2    | Noticed an orc warlord
 13869 | Orc:2    | Noticed an orc warlord
 14041 | Orc:1    | Killed an orc warlord
 14247 | Orc:1    | Killed an orc warlord
 14466 | Orc:1    | Received a gift from Okawaru
 15175 | Orc:2    | Reached skill level 15 in Shields
 15361 | Orc:2    | Reached XP level 14. HP: 127/127 MP: 13/16
 15430 | Orc:2    | Identified the +2 pair of boots of Intuition {Harm rC+
                  | Dex+4} (Okawaru gifted it to you on level 2 of the Orcish
                  | Mines)
 15430 | Orc:2    | Received a gift from Okawaru
 15452 | Orc:2    | Found Ijooq's Weapon Shoppe.
 15455 | Orc:2    | Found Pafoytruoh's Armour Emporium.
 15457 | Orc:2    | Found Diss's Armour Shoppe.
 15458 | Orc:2    | Found Famuox's Book Shoppe.
 15980 | Orc:2    | Found a staircase to the Elven Halls.
 16388 | Orc:1    | Found a runed translucent gate.
 16389 | Orc:1    | Found a runed translucent gate.
 16391 | Orc:1    | Found a runed translucent gate.
 16393 | Orc:1    | Noticed Lemuel's ghost (journeyman MiFi)
 16393 | Orc:1    | Noticed Tyszek's ghost (journeyman SpEn)
 16442 | Orc:1    | Found the ring of the Tortoise {AC+8}
 16451 | Orc:1    | Killed Tyszek's ghost
 16477 | Orc:1    | Killed Lemuel's ghost
 16930 | D:13     | Found a frozen archway.
 16963 | IceCv    | Entered an ice cave
 16981 | IceCv    | Reached skill level 16 in Shields
 17530 | IceCv    | Reached skill level 5 in Invocations
 17588 | IceCv    | Reached skill level 15 in Armour
 17661 | IceCv    | Noticed a frost giant
 17686 | IceCv    | Killed a frost giant
 18199 | D:13     | Found the amulet of the Air {Inacc Air Fly rElec RMsl}
 18340 | D:13     | Identified the +6 scimitar of Abstinence {vorpal, +Blink
                  | rN+ Int+3 SInv} (Okawaru gifted it to you on level 13 of
                  | the Dungeon)
 18340 | D:13     | Received a gift from Okawaru
 18673 | D:13     | Reached skill level 17 in Shields
 18725 | D:13     | Found a gate to the Vaults.
 18967 | D:12     | Killed qipq's ghost
 19795 | Lair:5   | Received a gift from Okawaru
 19877 | Lair:5   | Identified the +8 rapier of Wu Jian's Outrage {protect,
                  | +Blink rF+ Will+ Str-4}
 19896 | Lair:5   | Reached XP level 15. HP: 137/137 MP: 17/17
 20062 | Lair:5   | Found a staircase to the Slime Pits.
 21134 | Lair:6   | Entered Level 6 of the Lair of Beasts
 21330 | Lair:6   | Found a dark tunnel.
 21340 | Volcano  | Entered a volcano
 22209 | Lair:6   | Identified the ring of Olaant {rC+ rCorr}
 22228 | Lair:6   | Reached skill level 18 in Shields
 22479 | Lair:6   | Reached ****** piety under Okawaru
 22721 | Lair:6   | Received a gift from Okawaru
 22775 | Lair:6   | Reached skill level 15 in Fighting
 23548 | Orc:2    | Bought the +13 pearl dragon scales of Diapli {rPois rN+
                  | Stlth+} for 2664 gold pieces
 23730 | D:14     | Found an iron altar of Okawaru.
 24223 | D:14     | Reached skill level 1 in Dodging
 24499 | D:15     | Entered Level 15 of the Dungeon
 24641 | D:15     | Reached XP level 16. HP: 149/149 MP: 18/18
 24646 | D:15     | Reached skill level 19 in Shields
 24758 | D:15     | Found a staircase to the Depths.
 24889 | D:15     | Noticed Louise
 24900 | D:15     | Cast into level 2 of the Abyss (Louise)
 24953 | Abyss:2  | Found an iron altar of Okawaru.
 25159 | Abyss:2  | Noticed a tentacled starspawn
 25308 | Abyss:3  | Noticed a tentacled starspawn
 25342 | Abyss:3  | Killed a tentacled starspawn
 25344 | Abyss:3  | Gained mutation: You are occasionally teleported next to
                  | monsters. [a neqoxec]
 25355 | Abyss:3  | Gained mutation: Your body sometimes deteriorates upon
                  | taking damage. [a neqoxec]
 25375 | Abyss:3  | Paralysed by a great orb of eyes for 2 turns
 25389 | Abyss:4  | Found a corrupted altar of Lugonu.
 25632 | Abyss:4  | Noticed a tentacled starspawn
 25673 | D:15     | Escaped the Abyss
 25686 | D:15     | Killed Louise
 25988 | Lair:6   | Lost mutation: Your body sometimes deteriorates upon taking
                  | damage. [potion of mutation]
 25988 | Lair:6   | Lost mutation: You are occasionally teleported next to
                  | monsters. [potion of mutation]
 25988 | Lair:6   | Gained mutation: Your spells are a little harder to cast,
                  | but a little more powerful. [potion of mutation]
 25988 | Lair:6   | Gained mutation: You are strong-willed. (Will+) [potion of
                  | mutation]
 26737 | D:15     | Found an ornate altar of the Wu Jian Council.
 27143 | Shoals:1 | Entered Level 1 of the Shoals
 27264 | Shoals:1 | Noticed Frances
 27315 | Shoals:1 | Killed Frances
 27315 | Shoals:1 | Received a gift from Okawaru
 28032 | Lair:1   | Killed Tyszek's ghost
 28179 | Lair:4   | Killed Ocewn's ghost
 28226 | Lair:4   | Got the ring of Zargh {Fire +Blink}
 28335 | Snake:1  | Entered Level 1 of the Snake Pit
 28719 | Lair:3   | Reached skill level 20 in Shields
 28855 | Snake:1  | Noticed Asterion
 29286 | Lair:3   | Noticed an Executioner
 29290 | Lair:3   | Killed Asterion
 29840 | Snake:1  | Noticed Agnes
 29851 | Snake:1  | Killed Agnes
 30143 | Shoals:2 | Identified the +5 quarterstaff "Suatim" {drain, rN+ Will+}
                  | (Okawaru gifted it to you on level 2 of the Shoals)
 30143 | Shoals:2 | Received a gift from Okawaru
 30644 | Shoals:1 | Found Keofol's Magic Scroll Emporium.
 31530 | Shoals:2 | Reached XP level 17. HP: 157/160 MP: 20/20
 31705 | Shoals:2 | Received a gift from Okawaru
 32131 | Shoals:2 | Reached skill level 21 in Shields
 32859 | Elf:1    | Entered Level 1 of the Elven Halls
 32886 | Elf:1    | Reached skill level 5 in Dodging
 34167 | Elf:1    | Received a gift from Okawaru
 35313 | Elf:2    | Found a runed translucent gate.
 35313 | Elf:2    | Found a runed translucent gate.
 35313 | Elf:2    | Found a runed translucent gate.
 35328 | Elf:2    | Identified the +10 dagger "Nenyvoh" {vorpal, rElec Str+8
                  | Int-3 SInv}
 35331 | Elf:2    | Identified the +8 dagger of the Leaping Visionary {speed,
                  | +Blink Str-4 Dex+4}
 35359 | Elf:2    | Reached skill level 22 in Shields
 35511 | Elf:2    | Found Yrekh's Assorted Antiques.
 35539 | Elf:2    | Bought a potion of might for 136 gold pieces
 35539 | Elf:2    | Bought a potion of curing for 102 gold pieces
 35690 | Elf:3    | Entered Level 3 of the Elven Halls
 35725 | Elf:3    | Paralysed by an air elemental for 1 turns
 36117 | Elf:3    | Paralysed by an air elemental for 1 turns
 37662 | Elf:3    | Noticed a deep elf master archer
 38572 | Elf:3    | Noticed a Brimstone Fiend
 38872 | Elf:3    | Noticed a deep elf blademaster
 38874 | Elf:3    | Gained mutation: Your magical capacity is low. (-10% MP) [a
                  | cacodemon]
 38877 | Elf:3    | Noticed a Brimstone Fiend
 38879 | Elf:3    | Noticed a Hell Sentinel
 38936 | Elf:2    | Killed a deep elf blademaster
 38937 | Elf:2    | Reached XP level 18. HP: 116/171 MP: 18/18
 39407 | Elf:3    | Noticed a Tzitzimitl
 39420 | Elf:3    | HP: 7/171 [Executioner[a deep elf demonologist] (17)]
 39929 | Elf:3    | Received a gift from Okawaru
 40016 | Elf:3    | Killed from afar by a deep elf annihilator

Illustrated notes

Levels and vault maps discovered:
D:1:      wander_arrival_peaceful_grave, layout_basic,
          chequers_ecumenical_altar_island, minmay_hexomino_f4
D:2:      layout_basic
D:3:      layout_basic, grunt_temple_overflow_magic_moments
D:4:      layout_rooms, nicolae_gozag_cash_rules_everything_around_me
D:5:      layout_basic, minmay_temple_entry_glass
D:6:      layout_basic, grunt_temple_overflow_open
D:7:      layout_rooms, serial_glass, glass_columns_a, glass_columns_b
D:8:      layout_gridville, dpeg_oklobed_lair, enter_bailey_3, uniq_pikel,
          uniq_harold, uniq_joseph, uniq_grum
D:9:      layout_loops_ring, orc_0_dummy, uniq_gastronok
D:10:     layout_small_grid, grunt_temple_overflow_champion_of_chaos,
          minivault_25_ag, kb_lookout_dungeons_type,
          ebering_dispersal_statue_hall, minmay_misc_feat_four_crosses
D:11:     layout_long_grid
D:12:     layout_loops_ring, maelrawn_ghost_gauntlet_escape, serial_shops,
          bzr_entry_safe, shop, shop
D:13:     layout_loops_cross, david_vaults_5, special_room [special_room_orc],
          portal_ice_cave_entry_pillars_1
D:14:     layout_rooms, corexii_hall_statues_x, serial_curves, eino_curves_01,
          eino_curves_02, okawaru_trees_1
D:15:     grunt_enter_depths_magical_seal, layout_loops_corners,
          nzn_wu_jian_council_hall, uniq_louise
Temple:   pf_slimified_temple
Lair:1:   layout_cave_pods, ebering_ghost_inner_flame,
          nicolae_quartered_pool_little, grunt_megastairs_4
Lair:2:   layout_loops_ring, minmay_stone_trees_small, lemuel_fruit_fields
Lair:3:   layout_regular_city, dummy_snake_entry, eino_house_with_fridge
Lair:4:   layout_long_grid, minmay_shoals_entry_lonely_mermaid,
          gammafunk_ghost_icy
Lair:5:   layout_cave_shapes, minmay_slime_entry_oklob_open, serial_rivers,
          chequers_serial_rivers_room_b, chequers_serial_rivers_large_b,
          chequers_serial_rivers_small_3, chequers_serial_rivers_micro_d,
          chequers_serial_rivers_small_3, serial_bayou_pond_c
Lair:6:   hangedman_lair_in_review, layout_big_grid, guppyfry_lair_end_dragon,
          nicolae_volcano_entry_batcave, patterned_corridor
Shoals:1: nicolae_shoals_island_circles, layout_shoals, serial_shops,
          shop_scrolls, uniq_frances
Shoals:2: layout_shoals, kb_tengu_band
Snake:1:  layout_grid_shapes, nicolae_large_snake_swirl, serial_bayou_shore_a,
          uniq_asterion, uniq_agnes
Orc:1:    layout_caves, gammafunk_ghost_cemetery
Orc:2:    st_orc_pillars, layout_caves, lightli_orcish_oven
Elf:1:    nicolae_elf_arrival_no_cutting_in_line, layout_onion_city,
          minmay_elf_demonology, minmay_misc_feat_pillars
Elf:2:    elven_hall_of_blades_hangedman_original [mumra_blade_entry_bloodbath],
          layout_gridlike, serial_shops, nicolae_shop_hallway_stairs
Elf:3:    minmay_elf_hall_spiked, layout_geoelf_octagon

Skill      XL: |  1  2  3  4  5  6  7  8  9 10 11 12 13 14 15 16 17 |
---------------+----------------------------------------------------+-----
Long Blades    | 3 4 5 6 7 9 11 12 13 14 15 16 17 18 | 18.4
Armour         | 4 5 6 7 9 10 11 13 14 15 16 17 | 17.8
Shields        | 4 5 6 8 9 10 13 15 17 18 20 22 | 22.5
Fighting       | 4 5 6 7 8 10 11 12 13 15 16 17 | 17.8
Invocations    | 1 2 3 4 5 |  5.3
Stealth        | 1 3 4 |  4.7
Evocations     | 1 2 |  2.4
Maces & Flails | 2 |  2.5
Dodging        | 1 4 6 |  6.0

Action                   |  1- 3 |  4- 6 |  7- 9 | 10-12 | 13-15 | 16-18 || total
-------------------------+-------+-------+-------+-------+-------+-------++-------
Melee: Long sword        |    56 |   136 |       |       |   582 |       ||   774
       Headbutt          |     2 |    26 |    61 |   245 |   417 |   313 ||  1064
       Falchion          |       |    18 |   244 |   725 |   371 |       ||  1358
       Whip              |       |       |       |    43 |    14 |       ||    57
       Scimitar          |       |       |       |       |   564 |  1235 ||  1799
       Demon blade       |       |       |       |       |    44 |       ||    44
Invok: Heroism           |       |       |     9 |    23 |    40 |    12 ||    84
       Finesse           |       |       |       |     3 |       |       ||     3
Evoke: Wand              |       |       |     3 |    10 |     8 |     1 ||    22
  Use: Scroll            |     4 |     4 |     3 |     8 |    15 |     9 ||    43
       Potion            |       |       |     6 |       |     2 |     8 ||    16
 Stab: Paralysed         |       |       |     6 |       |       |       ||     6
       Petrified         |       |       |       |       |     3 |       ||     3
       Sleeping          |       |       |       |       |       |     4 ||     4
       Distracted        |       |       |       |       |       |     1 ||     1
Armor: Scale mail        |    21 |       |       |       |       |       ||    21
       Plate armour      |    12 |   125 |   169 |       |       |       ||   306
       Crystal plate arm |       |       |     7 |   368 |  1190 |       ||  1565
       Skin              |       |       |       |     3 |       |       ||     3
       Pearl dragon scal |       |       |       |       |    73 |   504 ||   577
Dodge: Dodged            |    28 |    57 |    82 |   142 |   421 |   380 ||  1110
Block: Buckler           |    11 |    60 |    74 |       |       |       ||   145
       Kite shield       |       |       |    13 |   406 |  1254 |  1150 ||  2823
       Reflection        |       |       |       |       |       |    67 ||    67
